 Dungeon Crawl Stone Soup version 0.29.1-15-g9cfb28693d (webtiles) character file.

Game seed: 9559655995585480302

2361 tizbic2 the Trooper (level 9, -1/69 HPs)
             Began as a Djinni Necromancer on Apr 22, 2023.
             Was an Initiate of Makhleb.
             Killed by their own static electricity (5 damage)
             ... on level 6 of the Dungeon.
             The game lasted 00:24:15 (7399 turns).

tizbic2 the Trooper (Djinni Necromancer)            Turns: 7399, Time: 00:24:15

Health: -1/69      AC:  8    Str:  8    XL:     9   Next: 72%
Gold:   255        EV: 12    Int: 23    God:    Makhleb [......] SH:  4 Dex: 15

rFire   + + .      SeeInvis .   a - +3 spear (venom)
rCold   x . .      Faith    .   r - +1 buckler
rNeg    + . .      Spirit   .   d - +1 robe of Qaneafe {Str+3 Int+3}
rPois   ∞          Reflect  .   (no helmet)
rElec   .          Harm     .   e - +2 cloak
rCorr   .          Rampage  .   (no gloves)
Will    .....                   (boots unavailable)
Stlth   ++........              (no amulet)
HPRegen 0.21/turn               x - ring of positive energy
MPRegen 0.00/turn               (no ring)

@: flying
A: sickness immunity, fire resistance 2, cold vulnerability 1, float, innate
caster, HP casting, extra vitality 1, iridescent scales 1, weak 1
a: Renounce Religion


You were on level 6 of the Dungeon.
You worshipped Makhleb.
Makhleb was noncommittal.
You visited 2 branches of the dungeon, and saw 7 of its levels.

You collected 255 gold pieces.

Inventory:

Hand Weapons
 a - a +3 spear of venom (weapon)
 b - a +1 hand axe of freezing
 h - a +3 quarterstaff of chaos
 w - a +0 sling
 D - a +0 rapier
Missiles
 v - a boomerang
 z - 5 poisoned darts
Armour
 d - the +1 robe of Qaneafe (worn) {Str+3 Int+3}
   (You found it on level 3 of the Dungeon)

   Str:       It affects your strength (+3).
   Int:       It affects your intelligence (+3).
 e - a +2 cloak (worn)
 r - a +1 buckler (worn)
 y - a +0 ring mail
 B - a +0 plate armour
Jewellery
 x - a ring of positive energy (left hand)
 C - a ring of protection from fire
Wands
 f - a wand of paralysis (11)
 g - a wand of digging (2)
 E - a wand of flame (11)
Scrolls
 i - 3 scrolls of teleportation
 j - 3 scrolls of immolation
 k - a scroll of torment
 m - a scroll of vulnerability {unknown}
 n - a scroll of summoning {unknown}
 s - a scroll of magic mapping
 u - a scroll of butterflies
 A - a scroll of poison
Potions
 c - 3 potions of heal wounds
 l - 2 potions of berserk rage
 o - 2 potions of mutation
 t - 3 potions of invisibility
 F - 2 potions of curing


   Skills:
 * Level 7.7 Fighting
 + Level 4.0 Short Blades
 - Level 4.1 Armour
 - Level 2.1 Dodging
 - Level 1.5 Stealth
 * Level 6.4 Spellcasting


You couldn't memorise any spells.
You knew the following spells:

 Your Spells              Type           Power      Damage    Failure   Level
a - Necrotise             Necr           100%       1d9       1%          1
b - Vampiric Draining     Necr           37%        2d8       2%          3
c - Animate Dead          Necr           37%        N/A       8%          4
d - Agony                 Necr           37%        N/A       22%         5
e - Sting                 Tmut/Pois      100%       1d8       1%          1
f - Static Discharge      Conj/Air       37%        3-8/arc   1%          2
g - Confusing Touch       Hex            37%        N/A       2%          3
h - Petrify               Tmut/Erth      37%        N/A       8%          4
Your spell library was empty.

Dungeon Overview and Level Annotations

Branches:
Dungeon (6/15)             Temple (1/1) D:5

Altars:
Ashenzari
Makhleb
Wu Jian
Yredelemnul
Zin
The Shining One

Shops:
D:1 ?


Innate Abilities, Weirdness & Mutations

You are immune to sickness and miasma.
You are immune to poison.
Your flesh is very heat resistant. (rF++)
You are vulnerable to cold. (rC-)
You float through the air rather than walking.
You learn spells naturally, not from books.
Your magical power is your life essence.
You have superior vitality. (+4 MHP)
You are partially covered in iridescent scales. (AC +2)
You are weak. (Str -2)


Message History

Things that are here:
a +0 giant club; 6 stones; a steam dragon corpse The orc shouts!
The orc priest shouts!
You hit the orc.
The orc is severely wounded.
The orc hits you but does no damage.
Casting: Vampiric Draining (dangerous; 2% risk of failure)
Confirm with . or Enter, or press ? or * to list all spells.
Aiming: Vampiric Draining (dangerous; 2% risk of failure)
Press: ? - help, Shift-Dir - straight line, f - orc priest
Aim: an orc priest, wielding a +0 flail and wearing a +0 leather armour You draw life force from the orc priest!
You feel life coursing into your body.
* * * LOW HITPOINT WARNING * * *
The orc priest hits you with a +0 flail!
* * * LOW HITPOINT WARNING * * *
The orc hits you but does no damage.
Casting: Vampiric Draining (dangerous; 2% risk of failure)
Confirm with . or Enter, or press ? or * to list all spells.
Aiming: Vampiric Draining (dangerous; 2% risk of failure)
Press: ? - help, Shift-Dir - straight line, f/p - orc priest
Aim: an orc priest, wielding a +0 flail and wearing a +0 leather armour (heavily wounded)
You draw life force from the orc priest.
You feel life coursing into your body.
* * * LOW HITPOINT WARNING * * *
The orc priest hits you with a +0 flail.
* * * LOW HITPOINT WARNING * * *
The orc hits you with a +0 falchion.
* * * LOW HITPOINT WARNING * * *
The orc hits you but does no damage.
Casting: Vampiric Draining (dangerous; 2% risk of failure)
Confirm with . or Enter, or press ? or * to list all spells.
The orc priest is struck by an arc of lightning!
You kill the orc priest!
Makhleb accepts your kill.
The orc is struck by an arc of lightning.
You kill the orc!
Makhleb accepts your kill.
You are struck by an arc of lightning.
You die...

#.....†.#...##.......#.
#....†..#..............
######........###......
############..#..#.##
##.#...
#..........#..##^...#
#..... #..........#..#
....# #.##..
#.......>..#..##.#...
#......
#..........##o...#...
..?....
#..........)@).......
#.##.
#.........†##)..##...
#..........##..## ##
#..........##..#
#...............
###########......
....... #..##### ..#


You could see an orc.

Vanquished Creatures
  Grinder (D:5)
  Sigmund (D:2)
  A steam dragon (D:6)
  Menkaure (D:5)
  2 water moccasins
  2 ice beasts
  3 black bears
  3 ogres
  A kobold brigand (D:4)
  3 necrophages
  A scorpion (D:4)
  A howler monkey (D:3)
  A hound (D:6)
  A jelly (D:5)
  An orc priest (D:6)
  Crazy Yiuf (D:3)
  An iguana (D:5)
  Natasha (thrice) (D:1)
  2 orc wizards
  A mummy (D:6)
  Robin (D:2)
  4 gnolls (D:5)
  6 adders
  A white imp (D:6)
  An ufetubus (D:4)
  A worm (D:2)
  3 dart slugs
  13 orcs
  3 ball pythons
  13 endoplasms
  2 giant cockroaches
  18 goblins
  10 hobgoblins
  5 kobolds
  6 quokkas
  5 bats
  2 frilled lizards
  2 hobgoblin zombies (D:6)
  A kobold zombie (D:6)
  An orc zombie (D:6)
  4 rats
133 creatures vanquished.

Vanquished Creatures (collateral kills)
  A frilled lizard (D:3)
1 creature vanquished.

Vanquished Creatures (others)
  A shadow imp (D:6)
1 creature vanquished.

Grand Total: 135 creatures vanquished

Notes
Turn   | Place    | Note
-------+----------+-------------------------------------------
     0 | D:1      | tizbic2 the Djinni Necromancer began the quest for the Orb.
     0 | D:1      | tizbic2 set off with the following spells memorised:
                  | Necrotise, Vampiric Draining, Animate Dead, Agony.
     0 | D:1      | Reached XP level 1. HP: 15/15 MP: 0/0
   170 | D:1      | Reached XP level 2. HP: 15/22 MP: 0/0
   175 | D:1      | Reached skill level 1 in Armour
   177 | D:1      | Reached skill level 1 in Fighting
   464 | D:1      | Found Keto's Magic Scroll Emporium.
  1092 | D:1      | Reached XP level 3. HP: 27/27 MP: 0/0
  1092 | D:1      | Learned a level 1 spell: Sting
  1404 | D:2      | Noticed Robin
  1612 | D:2      | Noticed Natasha
  1612 | D:2      | Found a faded altar of an unknown god.
  1641 | D:1      | Killed Natasha
  1642 | D:1      | Reached skill level 2 in Fighting
  1642 | D:1      | Reached XP level 4. HP: 4/33 MP: 0/0
  1704 | D:1      | Noticed Natasha
  1930 | D:1      | Killed Natasha
  2079 | D:1      | Noticed Natasha
  2089 | D:1      | Killed Natasha
  2090 | D:1      | Reached XP level 5. HP: 23/39 MP: 0/0
  2090 | D:1      | Learned a level 2 spell: Static Discharge
  2295 | D:2      | Killed Robin
  2874 | D:2      | Noticed Sigmund
  2891 | D:2      | Killed Sigmund
  2892 | D:2      | Reached skill level 3 in Fighting
  2892 | D:2      | Reached XP level 6. HP: 11/47 MP: 0/0
  3145 | D:2      | Gained mutation: You are weak. (Str -2) [potion of
                  | mutation]
  3145 | D:2      | Gained mutation: You are partially covered in iridescent
                  | scales. (AC +2) [potion of mutation]
  3329 | D:3      | Identified the +1 robe of Qaneafe {Str+3 Int+3}
  3518 | D:3      | Reached skill level 4 in Fighting
  3518 | D:3      | Reached XP level 7. HP: 43/52 MP: 0/0
  3518 | D:3      | Learned a level 3 spell: Confusing Touch
  3875 | D:3      | Found a runed translucent door.
  3876 | D:3      | Noticed Crazy Yiuf
  4012 | D:3      | Killed Crazy Yiuf
  4527 | D:4      | Noticed a water moccasin
  4533 | D:4      | Killed a water moccasin
  4534 | D:4      | Reached skill level 1 in Short Blades
  4767 | D:4      | Reached XP level 8. HP: 57/58 MP: 0/0
  4792 | D:4      | Reached skill level 5 in Fighting
  4993 | D:5      | Entered Level 5 of the Dungeon
  4995 | D:5      | Noticed Grinder
  4999 | D:5      | Found a glowing golden altar of the Shining One.
  5033 | D:5      | Reached skill level 5 in Spellcasting
  5437 | D:5      | Noticed Menkaure
  5450 | D:5      | Killed Menkaure
  5451 | D:5      | Reached skill level 6 in Fighting
  5772 | D:5      | Reached XP level 9. HP: 38/67 MP: 0/0
  5772 | D:5      | Learned a level 4 spell: Petrify
  5783 | D:5      | Paralysed by Grinder for 4 turns
  5988 | D:5      | Killed Grinder
  6149 | D:5      | Found a staircase to the Ecumenical Temple.
  6165 | Temple   | Entered the Ecumenical Temple
  6165 | Temple   | Found a transporter.
  6165 | Temple   | Found a transporter.
  6167 | Temple   | Found a transporter.
  6167 | Temple   | Found a transporter.
  6215 | Temple   | Became a worshipper of Makhleb the Destroyer
  6771 | D:6      | Reached skill level 7 in Fighting
  7399 | D:6      | Killed from afar by themself

Illustrated notes

Levels and vault maps discovered:
D:1:      elethiomel_arrival_infinity_welcomes_careful_drivers, layout_rooms,
          serial_shops, nicolae_shop_statue_plus, dk_noncrumbling_4
D:2:      layout_basic, hellmonk_ecumenical_altar_lost_god, eino_tiny_chamber,
          uniq_sigmund, uniq_natasha, uniq_robin
D:3:      layout_rooms, uniq_crazy_yiuf_cottage
D:4:      layout_basic
D:5:      layout_loops_ring, lemuel_tele_altar, minmay_temple_entry_waves,
          uniq_menkaure, uniq_grinder
D:6:      layout_rooms, lightli_sewer_entry_pipes, dreamdust_wishing_well,
          minmay_mini_ossuary
Temple:   hellmonk_temple_divided_pantheon

Skill      XL: |  1  2  3  4  5  6  7  8  9 |
---------------+----------------------------+-----
Armour         | 1 2 3 4 |  4.1
Fighting       | 1 2 3 4 6 7 |  7.7
Spellcasting   | 4 5 6 |  6.4
Short Blades   | 1 2 4 |  4.0
Dodging        | |  2.1
Stealth        | |  1.5

Action                   |  1- 3 |  4- 6 |  7- 9 || total
-------------------------+-------+-------+-------++-------
Melee: Mace              |     9 |       |       ||     9
       Dagger            |    44 |    25 |    74 ||   143
       Quarterstaff      |       |       |    17 ||    17
       Spear             |       |       |    45 ||    45
       Rapier            |       |       |     7 ||     7
 Fire: Sling             |       |       |     5 ||     5
 Cast: Necrotise         |    15 |     1 |     3 ||    19
       Sting             |    13 |    44 |    35 ||    92
       Vampiric Draining |     5 |    18 |    38 ||    61
       Static Discharge  |       |     4 |    27 ||    31
       Confusing Touch   |       |       |    13 ||    13
       Petrify           |       |       |     4 ||     4
  Use: Scroll            |     2 |     7 |     7 ||    16
       Potion            |     1 |     2 |       ||     3
 Stab: Confused          |       |       |     6 ||     6
       Sleeping          |       |       |     5 ||     5
Armor: Robe              |    21 |    10 |    58 ||    89
Dodge: Dodged            |    47 |    36 |    98 ||   181
Block: Buckler           |       |       |    27 ||    27
